 Dungeon Crawl Stone Soup version 0.29-a0-359-g541a27f54d (webtiles) character file.

Game seed: 16554935979500148189

7 domi the Magician (level 1, -3/13 HPs)
             Began as a Demonspawn Hedge Wizard on Apr 27, 2022.
             Slain by a gnoll
             ... wielding a +0 spear
              (5 damage)
             ... on level 1 of the Dungeon.
             The game lasted 00:00:48 (484 turns).

domi the Magician (Demonspawn Hedge Wizard)          Turns: 484, Time: 00:00:49

Health: -3/13      AC:  3    Str: 10    XL:     1   Next: 91%
Magic:  1/4        EV: 12    Int: 15    God:
Gold:   55         SH:  0    Dex: 12    Spells: 5/6 levels left

rFire   . . .      SeeInvis .   a - +0 dagger
rCold   . . .      Faith    .   (no shield)
rNeg    . . .      Spirit   .   b - +0 robe
rPois   .          Reflect  .   c - +0 hat
rElec   .          Harm     .   (no cloak)
rCorr   .          Rampage  .   f - +0 pair of gloves
Will    .....                   (no boots)
Stlth   ++........              (no amulet)
HPRegen 0.04/turn               (no ring)
MPRegen 0.09/turn               (no ring)

@: no status effects
A: no striking features
a: no special abilities


You were on level 1 of the Dungeon.
You visited 1 branch of the dungeon, and saw 1 of its levels.

You collected 55 gold pieces.

Inventory:

Hand Weapons
 a - a +0 dagger (weapon)
Armour
 b - a +0 robe (worn)
 c - a +0 hat (worn)
 f - a +0 pair of gloves (worn)
   (You found it on level 1 of the Dungeon)
 j - a +0 helmet
   (You found it on level 1 of the Dungeon)
Scrolls
 g - a scroll of identify {unknown}
 i - 2 scrolls of teleportation {unknown}
Potions
 d - a potion of magic
 e - 2 potions of resistance {unknown}
 h - a potion of mutation {unknown}


   Skills:
 - Level 1.7 Dodging
 - Level 1.7 Stealth
 - Level 3.0 Spellcasting
 + Level 2.0 Conjurations
 - Level 1.0 Summonings
 - Level 0.8 Translocations


You had 5 spell levels left.
You knew the following spells:

 Your Spells              Type           Power      Damage    Failure   Level
z - Magic Dart            Conj           32%        1d4       9%          1

Your spell library contained the following spells:

 Spells                   Type           Power      Damage    Failure   Level
 Slow                     Hex            8%         N/A       21%         1
 Call Imp                 Summ           5%         N/A       21%         2
 Blink                    Tloc           8%         N/A       22%         2
 Ensorcelled Hibernation  Hex/Ice        4%         N/A       30%         2
 Passwall                 Tmut/Erth      1%         N/A       30%         2
 Conjure Flame            Conj/Fire      5%         6-21      36%         3
 Mephitic Cloud           Conj/Pois/Air  4%         N/A       41%         3
 Swiftness                Air            2%         N/A       52%         3


Dungeon Overview and Level Annotations

Branches:
Dungeon (1/15)

Altars:

Shops:
D:1 (


Message History

You hit the bat.
You kill the bat!
No target in view!
No target in view!
You start resting.
Health restored: 13; MP restored: 4
e - 2 murky dark potions (gained 1)
g - a scroll labelled BEGUAC ECHEUPP A quokka comes into view.
A quokka is nearby!
A quokka is nearby!
A quokka is nearby!
Aim: a quokka (asleep, 100% to hit)
The magic dart hits the quokka but does no damage.
You now have 3/4 mp.
Aim: a quokka (100% to hit)
The magic dart hits the quokka.
You now have 2/4 mp.
Aim: a quokka (almost dead, 100% to hit)
The magic dart hits the quokka.
You kill the quokka!
You now have 1/4 mp.
You can't see any susceptible monsters within range! (Use Z to cast anyway.)
You can't see any susceptible monsters within range! (Use Z to cast anyway.)
A quokka comes into view.
MP restored: 4 A quokka is nearby!
A quokka is nearby!
A quokka is nearby!
Aim: a quokka (asleep, 100% to hit)
The magic dart hits the quokka.
You now have 3/4 mp.
Aim: a quokka (moderately wounded, 100% to hit)
The magic dart hits the quokka.
You now have 2/4 mp.
Aim: a quokka (heavily wounded, 100% to hit)
The magic dart hits the quokka but does no damage.
You now have 1/4 mp.
Aim: a quokka (heavily wounded, 100% to hit)
The magic dart hits the quokka.
You kill the quokka!
Your Conjurations skill increases to level 2!
You now have 0/4 mp.
You don't have enough magic to cast this spell.
You don't have enough magic to cast this spell.
You don't have enough magic to cast this spell.
h - a fuming purple potion MP restored: 4 You now have 55 gold pieces (gained 7).
Found an escape hatch in the floor.
You see here a +0 plate armour.
i - a scroll labelled EMNAGO YCEMPO
There is an escape hatch in the floor here.
i - 2 scrolls labelled EMNAGO YCEMPO (gained 1)
Found a stone staircase leading down.
A gnoll comes into view. It is wielding a +0 spear.
The gnoll shouts!
You see here a +0 helmet.
j - a +0 helmet
Okay, then.
Aim: a gnoll, wielding a +0 spear (100% to hit)
The magic dart hits the gnoll.
You now have 3/4 mp.
Aim: a gnoll, wielding a +0 spear (lightly wounded, 100% to hit)
The magic dart hits the gnoll but does no damage.
You now have 2/4 mp.
Aim: a gnoll, wielding a +0 spear (lightly wounded, 100% to hit)
The magic dart hits the gnoll but does no damage.
The gnoll misses you.
You now have 1/4 mp.
Aim: a gnoll, wielding a +0 spear (lightly wounded, 100% to hit)
The magic dart hits the gnoll.
The gnoll barely misses you.
You now have 0/4 mp.
You don't have enough magic to cast this spell.
You don't have enough magic to cast this spell.
You don't have enough magic to cast this spell.
You don't have enough magic to cast this spell.
Unknown command.
The gnoll hits you from afar with a +0 spear.
You take 3 damage, and have 10/13 hp.
MASSIVE DAMAGE!!
The gnoll barely misses you.
You hit the gnoll. The gnoll barely misses you.
You barely miss the gnoll. The gnoll closely misses you.
Aim: a gnoll, wielding a +0 spear (moderately wounded, 100% to hit)
The magic dart hits the gnoll but does no damage.
The gnoll hits you with a +0 spear.
You take 2 damage, and have 9/13 hp.
You now have 0/4 mp.
You hit the gnoll. The gnoll misses you.
You barely miss the gnoll. The gnoll misses you.
You barely miss the gnoll. The gnoll closely misses you.
You hit the gnoll but do no damage. The gnoll closely misses you.
You hit the gnoll. The gnoll hits you with a +0 spear!
Ouch! That really hurt!
* * * LOW HITPOINT WARNING * * *
You take 7 damage, and have 2/13 hp.
MASSIVE DAMAGE!!
You hit the gnoll but do no damage. The gnoll misses you.
You hit the gnoll but do no damage. The gnoll hits you with a +0 spear.
You die...

#...............#.#.#..
..#####..##.#...>...[..
#...>##.#..##.####.
#.##..........# #.
#.########.#### ## #.#
#.# #.# #.# ###g### #.#
#...@.# #######


You could see a gnoll.

Vanquished Creatures
  2 bats (D:1)
  A hobgoblin (D:1)
  2 quokkas (D:1)
  A rat (D:1)
6 creatures vanquished.

Notes
Turn   | Place    | Note
-------+----------+-------------------------------------------
     0 | D:1      | domi the Demonspawn Hedge Wizard began the quest for the
                  | Orb.
     0 | D:1      | Reached XP level 1. HP: 13/13 MP: 4/4
   145 | D:1      | Found Ugril's Antique Weapon Shop.
   360 | D:1      | Reached skill level 2 in Conjurations
   482 | D:1      | HP: 2/13 [gnoll/+0 spear (7)]
   484 | D:1      | Slain by a gnoll

Illustrated notes

Levels and vault maps discovered:
D:1:      psy_arrival_dodecagon, layout_loops_cross, serial_shops, shop,
          shapermc_ecumenical_altar_flowoftime, nicolae_grassy_gnolls

Skill      XL: |  1 |
---------------+----+-----
Conjurations   | 2 |  2.0
Dodging        | |  1.7
Stealth        | |  1.7
Spellcasting   | |  3.0
Summonings     | |  1.0
Translocations | |  0.8

Action                   || total
-------------------------++-------
Melee: Dagger            ||    18
 Cast: Magic Dart        ||    20
Armor: Robe              ||     9
Dodge: Dodged            ||    27

Table legend: (Time is in decaauts)
 A = Elapsed time spent in this place.
 B = Non-inter-level travel time spent in this place.
 C = Inter-level travel time spent in this place.
 D = Time resting spent in this place.
 E = Time spent auto-exploring this place.
 F = Levels seen in this place.
 G = Mean time per level.
                   A        B        C        D        E       F      G
               +--------+--------+--------+--------+--------+-----+--------+
         Total |    484 |    484 |      0 |     27 |    370 |   1 |  484.0 |
       Dungeon |    484 |    484 |      0 |     27 |    370 |   1 |  484.0 |
               +--------+--------+--------+--------+--------+-----+--------+

Top non-repeatable levels by time:
     D:1: 484 daAuts

Table legend:
 A = Kills in this place as a percentage of kills in entire the game.
 B = Kills by you in this place as a percentage of kills by you in the entire game.
 C = Kills by friends in this place as a percentage of kills by friends in the entire game.
 D = Other kills in this place as a percentage of other kills in the entire game.
 E = Experience gained in this place as a percentage of experience gained in the entire game.
 F = Experience gained in this place divided by the number of levels of this place that you have seen.
                   A       B       C       D       E      F
               +-------+-------+-------+-------+-------+----------------------
         Total | 100.0 | 100.0 |   N/A |   N/A | 100.0 |  11.0
       Dungeon | 100.0 | 100.0 |   N/A |   N/A | 100.0 |  11.0
               +-------+-------+-------+-------+-------+----------------------
